 Dungeon Crawl Stone Soup version 0.18.1-50-g88ac8fd (webtiles) character file.

1081 lorenzova the Poker (level 8, 0/63 HPs)
             Began as a Merfolk Skald on Oct 18, 2016.
             Succumbed to a killer bee's poison
             ... on level 6 of the Dungeon.
             The game lasted 00:12:28 (7047 turns).

lorenzova the Poker (Merfolk Skald)                 Turns: 7047, Time: 00:12:29

Health: 0/63       AC:  7    Str: 15    XL:     8   Next: 29%
Magic:  2/13       EV: 13    Int: 11    God:
Gold:   288        SH:  0    Dex: 13    Spells: 2 memorised, 11 levels left

rFire  . . .     SeeInvis .     e - +0 spear
rCold  . . .     Gourm    .     w - +0 ring mail (curse)
rNeg   . . .     Faith    .     (no shield)
rPois  .         Spirit   .     p - +0 helmet
rElec  .         Dismiss  .     (no cloak)
rCorr  .         Reflect  .     a - +0 pair of gloves
SustAt .         Harm     .     (no boots)
MR     .....                    (no amulet)
Stlth  +.........               (no ring)
                                E - ring of wizardry

@: lethally poisoned (0 -> -15), not resistant to hostile enchantments, very
unstealthy
A: change form in water, swift swim
a: no special abilities


You were on level 6 of the Dungeon.
You were not hungry.

You visited 1 branch of the dungeon, and saw 6 of its levels.

You collected 288 gold pieces.

Inventory:

Hand Weapons
 e - a +0 spear (weapon)
Armour
 a - a +0 pair of gloves (worn)
 b - a +0 leather armour
 p - a +0 helmet (worn)
 w - a cursed +0 ring mail (worn)
Jewellery
 g - an uncursed ring of flight
 E - a ring of wizardry (left hand)
Scrolls
 f - a scroll of enchant armour {unknown}
 h - 4 scrolls of magic mapping {unknown}
 i - a scroll of recharging {unknown}
 k - 3 scrolls of teleportation {unknown}
 m - a scroll of enchant weapon {unknown}
 t - a scroll of immolation {unknown}
 v - a scroll of fear {unknown}
 y - a scroll of fog {unknown}
 A - a scroll of identify
 D - a scroll of blinking {unknown}
Potions
 l - a potion of resistance
 n - a potion of berserk rage
 o - a potion of mutation
 q - a potion of haste
 s - 4 potions of degeneration
Books
 c - a book of Battle

   Spells                             Type                      Level
   a - Infusion                       Charms                       1
   b - Shroud of Golubria             Charms/Translocation         2
   c - Song of Slaying                Charms                       2
   d - Spectral Weapon                Hexes/Charms                 3
   e - Regeneration                   Charms/Necromancy            3
 r - a book of Alchemy

   Spells                             Type                      Level
   a - Sublimation of Blood           Necromancy                   2
   b - Ignite Poison                  Fire/Transmutation/Poison    3
   c - Petrify                        Transmutation/Earth          4
   d - Alistair's Intoxication        Transmutation/Poison         5
   e - Irradiate                      Conjuration/Transmutation    5
Comestibles
 d - 3 bread rations
 j - a meat ration
 z - a beef jerky


   Skills:
 + Level 5.5 Fighting
 - Level 6.2 Polearms
 - Level 0.6 Armour
 + Level 6.1 Dodging
 * Level 3.9 Spellcasting
 * Level 5.4 Charms


You had 11 spell levels left.
You knew the following spells:

 Your Spells              Type           Power        Failure   Level  Hunger
a - Infusion              Chrm           ##..         3%          1    #......
b - Song of Slaying       Chrm           ##......     4%          2    ##.....


Dungeon Overview and Level Annotations

Branches:
Dungeon (6/15)
 Temple: D:4-7

Altars:
Makhleb
Sif Muna
Trog
Xom

Shops:
D:5 [   D:6 *

Annotations:
D:5 Pikel


Message History

The killer bee poisons you!
Drink which item? (? for menu, Esc to quit)
It was a potion of cancellation.
Your magical effects are unravelling.
Your magical contamination has completely faded away.
You feel magically purged.
You flicker back into view.
You feel a little less clever now.
Your song has ended.
* * * LOW HITPOINT WARNING * * *
You feel sick. The killer bee barely misses you.
The killer bee stings you but does no damage.
The killer bee closely misses you. The killer bee barely misses you.
Drink which item? (? for menu, Esc to quit)
It was a potion of cure mutation.
It has a very clean taste.
* * * LOW HITPOINT WARNING * * *
You feel sick. The killer bee stings you.
* * * LOW HITPOINT WARNING * * *
The killer bee barely misses you. The killer bee closely misses you.
The killer bee misses you.
You die...

. ..#.. ###. #...
....###..# .......
# ...#.### .###
#.....##.... #
###.......... #..##
#............
#....##.###@......#
#....###........
####..##yy.####.
#..†.........
#.###.#...(..
#######.#...#......
...................
#######..####..##..
#......... .#


You could see 2 killer bees.

Vanquished Creatures
  4 slaves (D:5)
  2 ogres (D:5)
  2 phantoms (D:5)
  A scorpion (D:4)
  3 killer bees (D:6)
  A howler monkey (D:5)
  A giant frog zombie (D:5)
  An orc priest (D:5)
  A giant frog skeleton (D:5)
  3 iron imps (D:4)
  An iguana (D:4)
  A gnoll shaman (D:4)
  4 worker ants
  4 gnolls
  8 adders
  4 worms
  4 dart slugs
  4 giant geckos
  2 orcs (D:5)
  9 bats
  5 giant cockroaches
  8 hobgoblins
  2 quokkas (D:4)
  A ball python (D:1)
  3 giant newts
  9 goblins
  3 kobolds
  7 rats
98 creatures vanquished.

Notes
Turn   | Place    | Note
--------------------------------------------------------------
     0 | D:1      | lorenzova the Merfolk Skald began the quest for the Orb.
     0 | D:1      | Reached XP level 1. HP: 16/16 MP: 3/3
    41 | D:1      | Reached XP level 2. HP: 10/23 MP: 0/5
   626 | D:1      | Reached XP level 3. HP: 23/28 MP: 6/6
  1013 | D:2      | Found a bloodstained altar of Trog.
  1576 | D:2      | Reached XP level 4. HP: 33/35 MP: 4/7
  2140 | D:2      | Found a deep blue altar of Sif Muna.
  2467 | D:3      | Reached skill level 5 in Polearms
  2467 | D:3      | Reached XP level 5. HP: 35/41 MP: 3/8
  2530 | D:3      | Learned a level 2 spell: Song of Slaying
  3172 | D:4      | Reached XP level 6. HP: 45/48 MP: 3/9
  3788 | D:4      | Found a burning altar of Makhleb.
  4074 | D:4      | Reached skill level 5 in Dodging
  4432 | D:5      | Entered Level 5 of the Dungeon
  4432 | D:5      | Noticed a phantom
  4638 | D:5      | Reached XP level 7. HP: 55/55 MP: 2/10
  4733 | D:5      | Reached skill level 5 in Fighting
  4868 | D:5      | Found a shimmering altar of Xom.
  5199 | D:5      | Noticed Pikel
  6135 | D:5      | Found Jaorumnu's Armour Shoppe.
  6399 | D:5      | Reached XP level 8. HP: 62/62 MP: 3/13
  6489 | D:5      | Reached skill level 5 in Charms
  6976 | D:6      | Found Soiqor's Assorted Antiques.
  7045 | D:6      | HP: 3/63 [poisoned by a killer bee]
  7046 | D:6      | HP: 1/63 [killer bee (1)]
  7047 | D:6      | Succumbed to a killer bee's poison

Skill      XL: |  1  2  3  4  5  6  7  8 |
---------------+-------------------------+-----
Dodging        | 2 3 4 5 6 |  6.1
Polearms       | 4 5 6 |  6.2
Fighting       | 3 4 5 |  5.5
Charms         | 4 5 |  5.4
Spellcasting   | 3 |  3.9
Armour         | |  0.6

Action                   |  1- 3 |  4- 6 |  7- 9 || total
-------------------------+-------+-------+-------++-------
Melee: Spear             |   109 |   290 |   263 ||   662
 Cast: Infusion          |     3 |    16 |    16 ||    35
       Song of Slaying   |       |       |     1 ||     1
  Use: Scroll            |       |     7 |     1 ||     8
       Potion            |       |       |     5 ||     5
 Stab: Sleeping          |     3 |     1 |       ||     4
  Eat: Chunk             |     2 |    10 |     7 ||    19
       Pizza             |       |       |     1 ||     1
Armor: Leather armour    |    18 |    16 |       ||    34
       Ring mail         |       |    29 |    55 ||    84
Dodge: Dodged            |    31 |   109 |   148 ||   288
